 Dungeon Sprint DCSS version 0.28-a0-1447-ga5a8893891 (webtiles) character file.

Game seed: 13824163018351244814

9499 mhtbhm the Severer (level 11, 0/111 HPs)
             Began as a Minotaur Fighter on Jan 12, 2022.
             Was the Champion of the Shining One.
             Slain by a merfolk impaler (1 damage)
             ... in the Dungeon (Sprint VII: "The Pits").
             The game lasted 00:06:04 (2478 turns).

mhtbhm the Severer (Minotaur Fighter)               Turns: 2478, Time: 00:06:05

Health: 0/111      AC: 21    Str: 25    XL:     11   Next: 23%
Magic:  15/19      EV: 10    Int:  5    God:    the Shining One [******]
Gold:   0          SH:  6    Dex: 10    Spells: 10/10 levels left

rFire   . . .      SeeInvis .   a - +1 broad axe (freeze)
rCold   . . .      Faith    .   c - +0 buckler
rNeg    + + +      Spirit   .   b - +4 chain mail
rPois   .          Reflect  .   (helmet restricted)
rElec   .          Harm     .   m - +1 cloak {Will+}
rCorr   .          Rampage  .   q - +0 pair of gloves
Will    +....      NoTele   +   (no boots)
Stlth   ..........              (no amulet)
HPRegen 0.28/turn               (no ring)
MPRegen 0.16/turn               (no ring)

@: on berserk cooldown, slowed, glowing, very slow
A: horns 2, retaliatory headbutt
a: Renounce Religion, Divine Shield, Cleansing Flame, Summon Divine Warrior,
Brand Weapon With Holy Wrath


You were in the Dungeon.
You worshipped the Shining One.
The Shining One was exalted by your worship.
You visited 1 branch

Inventory:

Hand Weapons
 a - a +1 broad axe of freezing (weapon)
Missiles
 r - 7 poisoned darts (quivered)
Armour
 b - a +4 chain mail (worn)
 c - a +0 buckler (worn)
 m - a +1 cloak of willpower (worn)
 q - a +0 pair of gloves (worn)
Jewellery
 n - a +3 ring of intelligence
 o - a +3 ring of intelligence
Scrolls
 k - 5 scrolls of amnesia
 l - a scroll of summoning
Potions
 d - 2 potions of might
 e - 7 potions of curing
 f - 2 potions of heal wounds
 g - 2 potions of haste
 h - 4 potions of magic
 p - a potion of mutation


   Skills:
 + Level 14.4 Fighting
 + Level 18.4 Axes
 + Level 15.2 Armour
 + Level 4.6 Dodging
 + Level 0.1 Stealth
 + Level 11.6 Shields
 * Level 12.3 Invocations


You had 10 spell levels left.
You didn't know any spells.
Your spell library was empty.

Dungeon Overview and Level Annotations

Branches:
Dungeon (1/1)

Altars:
Ashenzari
Cheibriados
Dithmenos
Elyvilon
Fedhas
Gozag
Hepliaklqana
Kikubaaqudgha
Makhleb
Nemelex Xobeh
Okawaru
Qazlal
Ru
Sif Muna
Trog
Uskayaw
Vehumet
Wu Jian
Xom
Yredelemnul
Zin
The Shining One
Beogh
Jiyva
Lugonu


Innate Abilities, Weirdness & Mutations

You have a pair of horns on your head.
You reflexively headbutt those who attack you in melee.


Message History

The merfolk impaler is heavily wounded.
You feel extremely nervous for a moment...
You sense a malignant aura.
You feel sick.
The merfolk impaler hits you but does no damage.
The yak gores you but does no damage. You block the merfolk impaler's attack.
The merfolk misses you. The sky beast hits you.
* * * LOW HITPOINT WARNING * * *
The sky beast shocks you.
* * * LOW HITPOINT WARNING * * *
The snapping turtle bites you but does no damage.
The yak gores you but does no damage.
The kobold demonologist gestures wildly while chanting.
The kobold brigand hits you but does no damage.
The merfolk impaler hits you from afar with a +6 trident of flaming!
* * * LOW HITPOINT WARNING * * *
The merfolk impaler burns you. The Shining One protects you from harm!
Unknown command.
Unknown command.
Unknown command.
Unknown command.
Unknown command.
You feel better.
The kobold brigand hits you but does no damage.
The merfolk hits you with a +0 trident.
* * * LOW HITPOINT WARNING * * *
The sky beast hits you.
* * * LOW HITPOINT WARNING * * *
The sky beast shocks you.
* * * LOW HITPOINT WARNING * * *
The merfolk impaler closely misses you.
The snapping turtle bites you but does no damage.
The yak gores you but does no damage. You block the kobold brigand's attack.
The kobold demonologist barely misses you.
The kobold brigand hits you with a +0 whip.
The Shining One protects you from harm!
The merfolk impaler hits you from afar with a +6 trident of flaming!
The Shining One protects you from harm! The merfolk impaler burns you.
You die...

# ###### ###########
###..+...# .........+
##..##...### .........
#..###...+.## .......
....##...#..## .....#
##...##'##...###KK.###
.##..#...#...#5KYY...#
..'..'...'...'5K@K...#
.##..#...#...#)5m....#
##...##'##...###tm.###
)...##.รท.#..## .J...#
#..###...).## .......
##..##...### .........
###..+...# .........+
# ###### ###########


You could see a merfolk impaler, a snapping turtle, a merfolk, a kobold
demonologist, a yak, a sky beast (invisible), 2 kobold brigands, a jelly, a
crimson imp (summoned), a shadow imp (summoned), an ufetubus (summoned) and 2
kobolds.

Vanquished Creatures
  An eidolon (D)
  3 two-headed ogres (D)
  A lindwurm (D)
  A phantasmal warrior (D)
  A manticore (D)
  An elephant (D)
  A gargoyle (D)
  A freezing wraith (D)
  A guardian mummy (D)
  A hornet (D)
  3 merfolk (D)
  2 tyrant leeches (D)
  A spriggan (D)
  9 yaks (D)
  A neqoxec (D)
  2 redbacks (D)
  Menkaure (D)
  A warg (D)
  An orc warrior (D)
  A sky beast (D)
  4 wolves (D)
  A phantom (D)
  A centaur (D)
  2 kobold brigands (D)
  A bullfrog (D)
  A gnoll sergeant (D)
  4 killer bees (D)
  2 jellies (D)
  A gnoll shaman (D)
  Crazy Yiuf (D)
  A quasit (D)
  A hound (D)
  A hell rat (D)
  A mummy (D)
  7 gnolls (D)
  2 river rats (D)
  2 adders (D)
  An ufetubus (D)
  An adder skeleton (D)
  A worm (D)
  2 orcs (D)
  A bat (D)
  A giant cockroach (D)
  A quokka (D)
  A ball python (D)
  3 kobolds (D)
  3 rats (D)
82 creatures vanquished.

Notes
Turn   | Place    | Note
-------+----------+-------------------------------------------
     0 | D        | mhtbhm the Minotaur Fighter began the quest for the Orb.
     0 | D        | Reached XP level 1. HP: 19/19 MP: 0/0
    22 | D        | Found a bloodstained altar of Trog.
    22 | D        | Found a shimmering blue altar of Sif Muna.
    22 | D        | Found a viscous altar of Jiyva.
    22 | D        | Found a hazy altar of Hepliaklqana.
    22 | D        | Found an opulent altar of Gozag.
    23 | D        | Found a glowing golden altar of the Shining One.
    23 | D        | Found a glowing silver altar of Zin.
    23 | D        | Found a basalt altar of Yredelemnul.
    23 | D        | Found a shimmering altar of Xom.
    23 | D        | Found an ornate altar of the Wu Jian Council.
    23 | D        | Found a sacrificial altar of Ru.
    23 | D        | Found a stormy altar of Qazlal.
    23 | D        | Found an iron altar of Okawaru.
    23 | D        | Found a sparkling altar of Nemelex Xobeh.
    23 | D        | Found a burning altar of Makhleb.
    23 | D        | Found a blossoming altar of Fedhas.
    23 | D        | Found a white marble altar of Elyvilon.
    23 | D        | Found a shadowy altar of Dithmenos.
    23 | D        | Found a snail-covered altar of Cheibriados.
    25 | D        | Found a radiant altar of Vehumet.
    25 | D        | Found a corrupted altar of Lugonu.
    26 | D        | Found a hide-covered altar of Uskayaw.
    26 | D        | Found an ancient bone altar of Kikubaaqudgha.
    26 | D        | Found a broken altar of Ashenzari.
    32 | D        | Became a worshipper of the Shining One
    73 | D        | Reached * piety under the Shining One
    80 | D        | Reached XP level 2. HP: 28/28 MP: 1/1
    85 | D        | Reached skill level 5 in Fighting
    85 | D        | Reached skill level 3 in Axes
    85 | D        | Reached skill level 5 in Armour
   185 | D        | Reached ** piety under the Shining One
   188 | D        | Reached skill level 5 in Shields
   188 | D        | Reached XP level 3. HP: 34/36 MP: 2/2
   251 | D        | Noticed a sky beast
   252 | D        | Reached *** piety under the Shining One
   257 | D        | Reached skill level 4 in Axes
   257 | D        | Reached **** piety under the Shining One
   262 | D        | Reached skill level 1 in Invocations
   262 | D        | Reached XP level 4. HP: 39/44 MP: 2/4
   267 | D        | Killed a sky beast
   268 | D        | Reached skill level 6 in Axes
   268 | D        | Reached XP level 5. HP: 39/52 MP: 2/6
   277 | D        | Reached skill level 7 in Axes
   372 | D        | Noticed Menkaure
   372 | D        | Reached ***** piety under the Shining One
   381 | D        | Killed Menkaure
   382 | D        | Reached skill level 8 in Axes
   382 | D        | Reached skill level 5 in Invocations
   382 | D        | Reached XP level 6. HP: 52/61 MP: 8/8
   390 | D        | Reached skill level 9 in Axes
   390 | D        | Reached skill level 1 in Dodging
   517 | D        | Noticed a two-headed ogre
   525 | D        | Killed a two-headed ogre
   526 | D        | Reached skill level 11 in Axes
   526 | D        | Reached skill level 10 in Armour
   526 | D        | Reached XP level 7. HP: 71/71 MP: 9/11
   526 | D        | Reached XP level 8. HP: 79/79 MP: 9/12
   572 | D        | Noticed Crazy Yiuf
   583 | D        | Killed Crazy Yiuf
   699 | D        | Noticed an elephant
   699 | D        | Noticed a two-headed ogre
   728 | D        | Killed an elephant
   729 | D        | Reached skill level 10 in Fighting
   729 | D        | Reached skill level 12 in Axes
   733 | D        | HP: 2/80 [two-headed ogre (8)]
   740 | D        | Killed a two-headed ogre
   741 | D        | Reached skill level 13 in Axes
   741 | D        | Reached XP level 9. HP: 59/86 MP: 10/14
   996 | D        | Reached ****** piety under the Shining One
  1080 | D        | Noticed a two-headed ogre
  1085 | D        | Killed a two-headed ogre
  1086 | D        | Reached skill level 14 in Axes
  1247 | D        | Noticed a gargoyle
  1261 | D        | Killed a gargoyle
  1262 | D        | Reached skill level 10 in Shields
  1434 | D        | Noticed a manticore
  1444 | D        | Killed a manticore
  1445 | D        | Reached skill level 10 in Invocations
  1530 | D        | Reached skill level 15 in Axes
  1530 | D        | Reached XP level 10. HP: 97/97 MP: 16/16
  1552 | D        | Noticed a phantasmal warrior
  1563 | D        | The Shining One protects you from harm!
  1567 | D        | HP: 1/97 [phantasmal warrior (21)]
  1569 | D        | Killed a phantasmal warrior
  1867 | D        | Reached skill level 16 in Axes
  2178 | D        | Noticed an eidolon
  2180 | D        | Noticed a spriggan rider
  2193 | D        | Killed an eidolon
  2194 | D        | Reached skill level 17 in Axes
  2449 | D        | Noticed a lindwurm
  2456 | D        | Noticed a merfolk impaler
  2465 | D        | Reached skill level 15 in Armour
  2465 | D        | Reached XP level 11. HP: 78/108 MP: 17/19
  2469 | D        | Reached skill level 18 in Axes
  2472 | D        | Killed a lindwurm
  2477 | D        | HP: 5/110 [merfolk impaler (14)]
  2477 | D        | The Shining One protects you from harm!
  2478 | D        | HP: 1/111 [sky beast (5)]
  2478 | D        | The Shining One protects you from harm!
  2478 | D        | The Shining One protects you from harm!
  2478 | D        | Slain by a merfolk impaler

Illustrated notes

Levels and vault maps discovered:
D:        pitsprint [storerooms_1, entrance_room_1, metal_vault_5, armoury_1,
          mini_pit_1, grid_room_1, main_hall_1, silver_pit, the_coven_1,
          the_vestibule_1, steel_vault_3, golden_pit, hallway_of_sentries,
          crystal_vault_4, iron_vault_2, final_vault]

Skill      XL: |  1  2  3  4  5  6  7  8  9 10 11 |
---------------+----------------------------------+-----
Fighting       | 4 5 6 7 8 9 10 12 13 14 | 14.4
Armour         | 4 5 6 7 8 10 12 13 15 | 15.2
Shields        | 4 5 6 7 8 9 10 11 | 11.6
Axes           | 3 4 6 8 11 13 15 17 18 | 18.4
Invocations    | 1 3 5 7 8 10 12 | 12.3
Dodging        | 1 3 4 |  4.6
Stealth        | |  0.1

Action                   |  1- 3 |  4- 6 |  7- 9 | 10-12 || total
-------------------------+-------+-------+-------+-------++-------
Melee: Hand axe          |    21 |    28 |    47 |       ||    96
       War axe           |     1 |       |       |       ||     1
       Headbutt          |     5 |     9 |    24 |    13 ||    51
       Broad axe         |       |       |    35 |    78 ||   113
Invok: Divine Shield     |       |       |     1 |     1 ||     2
       Cleansing Flame   |       |       |       |     3 ||     3
  Use: Potion            |       |     3 |     4 |     7 ||    14
       Scroll            |       |       |       |     1 ||     1
Armor: Scale mail        |     9 |       |       |       ||     9
       Chain mail        |     6 |    15 |    36 |    67 ||   124
Dodge: Dodged            |    14 |     6 |    24 |    47 ||    91
Block: Buckler           |     7 |     9 |    21 |    31 ||    68

Table legend: (Time is in decaauts)
 A = Elapsed time spent in this place.
 B = Non-inter-level travel time spent in this place.
 C = Inter-level travel time spent in this place.
 D = Time resting spent in this place.
 E = Time spent auto-exploring this place.
 F = Levels seen in this place.
 G = Mean time per level.
                   A        B        C        D        E       F      G
               +--------+--------+--------+--------+--------+-----+--------+
         Total |   2477 |   2477 |      0 |   1745 |    166 |   1 | 2477.0 |
       Dungeon |   2477 |   2477 |      0 |   1745 |    166 |   1 | 2477.0 |
               +--------+--------+--------+--------+--------+-----+--------+

Top non-repeatable levels by time:
       D: 2477 daAuts
